cohdb
Replays
Latest Replays
All Replays
Popular Replays
Top Player Replays
Match Explorer
How It Works
Community
CoH3 Stats
Reddit
Sign in to upload your games and track your stats! →
Sign in with Steam
Match 43380753
Unlisted
Match 43380753
Overview
Messages
Build Orders
End
Construct Section Command Post
Vickers Machine Gun Team
Selects Heavy Armor Battlegroup
Infantry Section
Infantry Section
ML 3-inch Mortar Team
Construct Field Infirmary
Construct Platoon Command Post
Grenade Package
Unlock Bishop Self-propelled Artillery
6-pounder Anti-tank Gun Team
CMP 15cwt Truck
Selects Rigorous Vehicle Training
Selects Forward Repair Assembly
Bishop Self-propelled Artillery
Vickers Machine Gun Team
Forward Retreat Point
6-pounder Anti-tank Gun Team
Construct Company Command Post
Matilda II Heavy Tank
Foot Guards Section
Foot Guards Section
Infantry Section
Selects Churchill Black Prince Heavy Tank
Radiano
skibski__
♛ EGO ♛
kurt0113
Otter
ManFrau
ChiefoftheAll
[BWR]sdata
0
0
Comments
sign in to comment!
No comments posted yet!